Map: Ruins of Seras

Players

capac - Winner!

  • Race: Terran Terran
  • League: Gold

A.I. 1 (Harder)

  • Race: Zerg Zerg

VOD

Have the link to the VOD?

Description

Time

  • Played on: Feb. 20, 2016, 11:54 a.m.
  • Length: 12:25
Show
View Real Time Build Order
Export as new Build Order

capac Terran - Winner!

Build Orders: MMM Bio 

Get SALT Encoding   

  12  0:00  SCV  
  13  0:13  SCV  
  14  0:18  Supply Depot  
  14  0:25  SCV  
  15  0:40  SCV  
  16  0:43  Barracks  
  16  0:48  Refinery  
  16  0:52  SCV  
  17  1:04  SCV  
  18  1:16  SCV  
  19  1:28  SCV  
  19  1:31  Barracks Reactor  
  20  1:38  Command Center  
  20  1:46  Orbital Command  
  20  2:02  Bunker  
  20  2:07  Marine x2  
  22  2:16  Factory  
  22  2:18  SCV  
  23  2:30  Supply Depot  
  23  2:49  Marine x2, SCV  
  26  2:53  Orbital Command  
  26  2:54  Barracks  
  26  2:58  Refinery  
  26  3:03  Factory Reactor  
  26  3:07  Starport  
  26  3:12  SCV  
  27  3:13  Marine  
  27  3:16  Marine  
  29  3:32  SCV  
  29  3:33  SCV  
  29  3:34  Marine  
  32  3:35  Marine  
  33  3:45  Barracks Tech Lab  
  33  3:55  SCV x2  
  35  3:56  Marine x2  
  35  3:59  Factory Tech Lab  
  35  4:01  Medivac x2  
  41  4:07  SCV x2  
  43  4:15  Marine x3  
  46  4:20  Stimpack  
  46  4:33  Supply Depot  
  46  4:36  Barracks  
  46  4:54  Marine x3  
  46  4:55  SCV x2  
  46  4:59  Supply Depot  
  51  5:05  Siege Tank  
  54  5:21  Marine x3, SCV x2  
  59  5:22  Refinery, Barracks  
  59  5:25  Supply Depot  
  59  5:34  SCV x2  
  59  5:35  Supply Depot  
  61  5:38  Marine  
  62  5:45  Barracks Reactor  
  62  5:46  Marine x2  
  64  5:51  SCV x2  
  64  5:56  Marine  
  67  6:00  Command Center  
  67  6:04  Marine  
  67  6:08  Marine  
  67  6:09  Marine  
  67  6:10  Siege Tank  
  73  6:11  Medivac x2  
  73  6:14  Marine  
  69  6:46  Marine x3  
  67  6:53  Marine  
  67  6:54  Marine, Medivac  
  66  6:55  Medivac  
  66  6:56  Siege Tank  
  66  6:59  Supply Depot  
  73  7:02  SCV x2  
  73  7:04  Marine x2  
  73  7:05  Marine  
  73  7:07  Refinery  
  77  7:09  Barracks Reactor  
  77  7:11  Marine  
  77  7:14  SCV  
  79  7:16  SCV  
  79  7:17  Marine  
  79  7:22  Marine x2  
  82  7:26  Barracks, SCV  
  84  7:33  Marine  
  84  7:34  Marine  
  84  7:35  Marine  
  84  7:36  SCV  
  88  7:38  SCV  
  88  7:40  Marine  
  90  7:46  Medivac  
  90  7:47  Medivac  
  90  7:50  Marine x3  
  97  7:51  Marine x2  
  97  7:52  Marine  
  97  7:58  Supply Depot  
  100  8:01  Marine  
  101  8:08  Marine x2  
  103  8:16  Orbital Command  
  103  8:25  Bunker  
  103  8:35  SCV x2  
  103  8:39  Marine x4  
  103  8:40  Marine x3  
  112  8:43  Supply Depot  
  112  8:44  Siege Tank  
  112  8:45  Medivac  
  117  8:57  Marine  
  117  8:58  Marine  
  117  8:59  Marine  
  117  9:01  Medivac  
  112  9:20  Marine x6  
  112  9:21  Marine, Siege Tank  
  112  9:22  Medivac  
  124  9:33  Combat Shields  
  124  9:36  Barracks Reactor  
  124  9:37  Medivac  
  124  9:38  Barracks, Marine x2  
  125  9:39  Marine x2  
  119  9:47  Marine  
  119  9:48  Marine x2  
  119  9:52  SCV x3  
  124  9:55  Refinery, Marine  
  125  10:01  Supply Depot  
  125  10:04  Marine x3  
  125  10:05  Supply Depot, Marine, Siege Tank  
  132  10:09  Supply Depot  
  132  10:10  Supply Depot  
  132  10:12  Marine x2  
  132  10:13  Marine  
  135  10:22  Marine, SCV x2  
  135  10:23  SCV  
  139  10:34  SCV x2  
  141  10:35  Marine  
  141  10:36  Marine x3  
  141  10:37  Siege Tank  
  148  10:43  SCV  
  148  10:46  Marine x3, SCV  
  153  10:53  Marine x2  
  153  10:55  Barracks Reactor  
  155  10:59  Barracks, Marine x4  
  155  11:03  Marine  
  155  11:04  Marine  
  160  11:06  Command Center  
  159  11:55  Marine x3  
  159  11:56  Marine x4  
Show
View Real Time Build Order
Export as new Build Order

A.I. 1 (Harder) Zerg 

Build Orders: Pool First 

Get SALT Encoding   

  12  0:00  Drone  
  13  0:12  Overlord  
  13  0:17  Drone  
  14  0:30  Drone  
  14  0:31  Drone  
  16  0:43  Spawning Pool  
  16  0:46  Drone  
  16  0:49  Drone  
  17  0:53  Extractor  
  17  0:55  Drone  
  17  1:06  Overlord  
  17  1:30  Queen  
  17  1:31  Zergling x2  
  20  1:38  Drone  
  20  1:39  Roach Warren  
  20  1:41  Extractor  
  20  1:43  Zergling x2  
  20  1:49  Drone  
  21  2:00  Drone  
  22  2:07  Lair  
  22  2:23  Drone  
  23  2:32  Overlord  
  24  2:37  Drone  
  24  3:09  Hydralisk Den  
  24  3:12  Drone  
  24  3:37  Lurker Den, Hydralisk  
  26  3:42  Overlord  
  26  3:49  Hydralisk  
  28  4:00  Drone x3  
  28  4:01  Hydralisk  
  33  4:03  Overlord  
  33  4:11  Drone  
  33  4:14  Hydralisk, Drone  
  37  4:18  Drone  
  38  4:26  Hydralisk  
  38  4:29  Baneling Nest  
  39  4:32  Drone  
  39  4:36  Evolution Chamber  
  39  4:42  Drone  
  39  4:44  Hydralisk  
  42  5:03  Hydralisk  
  42  5:04  Overlord, Lurker x2  
  46  5:15  Hydralisk  
  48  5:52  Roach, Zerg Melee Weapons Level 1  
  50  6:01  Roach  
  50  6:02  Hatchery  
  51  6:16  Ravager  
  52  6:19  Roach  
  52  6:21  Hatchery  
  53  6:27  Drone  
  53  6:29  Drone x3  
  53  6:30  Drone  
  53  6:31  Drone  
  51  6:33  Drone  
  45  6:40  Drone  
  40  6:51  Drone  
  40  6:52  Ravager  
  38  7:02  Drone  
  39  7:12  Hydralisk  
  41  7:22  Roach  
  43  7:27  Muscular Augments  
  43  7:30  Zergling x2  
  43  7:33  Drone  
  43  7:34  Drone x2  
  47  7:41  Drone  
  47  7:43  Extractor, Drone  
  48  7:46  Zerg Missile Weapons Level 1  
  48  7:50  Drone x2  
  48  7:51  Roach  
  52  7:53  Drone  
  52  7:54  Drone  
  54  8:03  Burrow, Drone  
  54  8:04  Drone  
  56  8:14  Drone  
  56  8:15  Drone  
  56  8:19  Roach, Drone  
  61  8:21  Overlord  
  61  8:26  Drone x2  
  63  8:34  Ravager  
  64  8:36  Drone  
  64  8:37  Drone  
  66  8:43  Ravager  
  66  8:47  Overlord  
  66  8:48  Roach, Drone x2  
  65  8:56  Roach  
  65  9:00  Zergling x2  
  55  9:04  Zergling x2  
  45  9:12  Hydralisk  
  45  9:16  Drone  
  38  9:21  Ravager  
  38  9:22  Roach  
  36  9:26  Drone  
  33  9:41  Zerg Ground Armor Level 1  
  31  10:14  Drone  
  32  10:16  Hatchery  
  32  10:20  Drone  
  32  10:27  Drone  
  33  11:02  Hatchery  
  32  11:08  Drone  
  33  11:13  Drone  
  34  11:19  Drone  
  35  11:30  Hydralisk  
  37  11:41  Drone  
  37  11:45  Drone  
  39  11:49  Drone  
  26  11:59  Hydralisk  
Tags
 
Composition
MMM Bio
League
Gold
Matchup
TvZ
Opening
Pool First
Add a new tag
Caveats
  • Supply blocks, unpowered buildings, or Contaminate may cause inaccurate times.
  • Supply counts are checked every 10 seconds.